 Dungeon Crawl Stone Soup version 0.21.0 (console) character file.

72815 Kloppie the Severer (level 15, -2/141 HPs)
             Began as a Minotaur Fighter on Jan 7, 2018.
             Was the Champion of Makhleb.
             Slain by an orc knight
             ... wielding a +0 war axe
              (7 damage)
             ... on level 2 of the Orcish Mines.
             The game lasted 00:27:13 (16930 turns).

Kloppie the Severer (Minotaur Fighter)             Turns: 16930, Time: 00:27:13

Health: -2/141     AC: 18    Str: 27    XL:     15   Next: 2%
Magic:  16/16      EV:  8    Int:  5    God:    Makhleb [******]
Gold:   1708       SH: 14    Dex: 10    Spells: 14/14 levels left

rFire    . . .     SeeInvis .   a - +0 war axe
rCold    + . .     Gourm    .   c - +0 shield
rNeg     . . .     Faith    .   K - +0 chain mail
rPois    .         Spirit   .   t - +1 hat
rElec    .         Reflect  .   Q - +0 cloak
rCorr    .         Harm     .   n - +0 pair of gloves
MR       ++...                  I - +2 pair of boots
Stlth    ..........             G - amulet of regeneration
HPRegen  0.73/turn              h - ring of protection from magic
MPRegen  0.15/turn              m - ring of protection from cold

@: about to teleport
A: retaliatory headbutt, horns 2
a: Minor Destruction, Lesser Servant of Makhleb, Major Destruction, Greater
Servant of Makhleb, Renounce Religion


You were on level 2 of the Orcish Mines.
You worshipped Makhleb.
Makhleb was exalted by your worship.
You were not hungry.

You visited 4 branches of the dungeon, and saw 20 of its levels.
You also visited: Ice Cave.

You collected 2081 gold pieces.
You spent 373 gold pieces at shops.

Inventory:

Hand Weapons
 a - a +0 war axe (weapon)
 b - a +0 scimitar of flaming
Armour
 c - a +0 shield (worn)
 n - a +0 pair of gloves (worn)
 t - a +1 hat (worn)
 I - a +2 pair of boots (worn)
 K - a +0 chain mail (worn)
 Q - a +0 cloak (worn)
 Z - +0 fire dragon scales
Jewellery
 h - a ring of protection from magic (left hand)
 m - a ring of protection from cold (right hand)
 y - an uncursed amulet of guardian spirit
 D - an uncursed ring of protection from fire
 G - an amulet of regeneration (around neck)
 Y - an uncursed ring of protection from cold
Wands
 k - a wand of random effects (52)
 v - a wand of digging (3)
 F - a wand of enslavement (23)
 L - a wand of polymorph (29)
 O - a wand of iceblast (15)
 R - a wand of paralysis (18)
 S - a wand of acid (5)
 V - a wand of flame (23)
 W - a wand of disintegration (12)
Scrolls
 i - 4 scrolls of amnesia
 j - 6 scrolls of teleportation
 l - 11 scrolls of remove curse
 o - 3 scrolls of fog
 r - 5 scrolls of enchant weapon
 E - 10 scrolls of identify
 P - 2 scrolls of enchant armour
 T - a scroll of acquirement {unknown}
Potions
 d - a potion of might
 e - 3 potions of brilliance
 p - a potion of haste
 q - a potion of ambrosia
 s - 5 potions of flight
 u - 2 potions of agility {unknown}
 w - a potion of invisibility
 x - 2 potions of magic
 z - 9 potions of curing
 A - 4 potions of cancellation
 C - 2 potions of lignification
 H - 4 potions of mutation
 M - 2 potions of heal wounds
 U - a potion of degeneration
Books
 N - a book of Clouds

   Spells                             Type                      Level
   a - Poisonous Vapours              Poison/Air                   2
   b - Mephitic Cloud                 Conjuration/Poison/Air       3
   c - Conjure Flame                  Conjuration/Fire             3
   d - Freezing Cloud                 Conjuration/Ice/Air          6
   e - Ring of Flames                 Charms/Fire                  7
 X - a book of Cantrips

   Spells                             Type                      Level
   a - Confusing Touch                Hexes                        1
   b - Animate Skeleton               Necromancy                   1
   c - Summon Small Mammal            Summoning                    1
   d - Apportation                    Translocation                1
Comestibles
 f - 29 rations
 g - 18 chunks of flesh


   Skills:
 - Level 15.0 Fighting
 - Level 14.0 Long Blades
 - Level 16.0 Axes
 - Level 10.0 Armour
 - Level 15.0 Shields
 + Level 3.1 Invocations


You had 14 spell levels left.
You didn't know any spells.

Dungeon Overview and Level Annotations

Branches:
Dungeon (11/15)            Temple (1/1) D:7            Lair (6/6) D:11
  Swamp (0/4) Lair:2        Snake (0/4) Lair:2        Slime (0/5) Lair:5
    Orc (2/2) D:9
    Elf: Orc:2

Altars:
Ashenzari
Cheibriados
Dithmenos
Elyvilon
Fedhas
Gozag
Hepliaklqana
Kikubaaqudgha
Makhleb
Nemelex Xobeh
Okawaru
Qazlal
Ru
Sif Muna
Trog
Uskayaw
Vehumet
Wu Jian
Xom
Yredelemnul
The Shining One
Beogh
Jiyva

Shops:
D:7 *   D:9 ?

Annotations:
D:5 2 transporters
Lair:5 1 runed door
Orc:2 Nergalle


Innate Abilities, Weirdness & Mutations

You reflexively headbutt those who attack you in melee.
You have a pair of horns on your head.


Message History

The orc warrior hits your hellwing with a war axe!!
The orc knight hits you with a war axe!!
* * * LOW HITPOINT WARNING * * *
The orc knight hits your smoke demon with a war axe!
Okay, then.
As you read the scroll of teleportation, it crumbles to dust.
You feel strangely unstable. You block the orc warrior's attack.
Your hellwing hits the orc warrior!
Your hellwing barely misses the orc warrior.
The orc hits your hellwing with a mace.
The orc warrior hits your hellwing but does no damage.
The orc warrior hits you with a war axe.
* * * LOW HITPOINT WARNING * * *
The orc warrior closely misses your hellwing.
Your smoke demon hits the orc knight but does no damage.
Your smoke demon closely misses the orc knight.
Your smoke demon hits the orc knight but does no damage.
The orc knight hits your smoke demon with a war axe!
The orc knight hits you with a war axe!
You die...

....###......##
.....#..[....#.#
.......[[.......#
..#.....)[...#.##
##...).#..####
#.....#.##
#8..)8### #..3Z.#
#..oo@#
......ooooo#
#....)4o..##
......o......
..............
......_.o.......
...............
............8..


You could see 2 orc knights, Nergalle, a spectral orc warrior, 3 orc warriors, 2
orc priests, an orc wizard, an orc, a friendly hellwing and a friendly smoke
demon.

Vanquished Creatures
  Gastronok (D:8)
  A frost giant (IceCv)
  An orc warlord (Orc:1)
  A fire dragon (Lair:6)
  Fannar (Lair:1)
  The ghost of 8fpsbossfight the Slicer, a journeyman MiMo of Okawaru (D:11)
  6 hydras
  Harold (Orc:1)
  A two-headed ogre (D:10)
  A centaur warrior (D:10)
  Erica (D:8)
  An orc high priest (Orc:2)
  An unseen horror (D:10)
  A lindwurm (Lair:6)
  3 orc knights
  2 orc sorcerers
  An oklob plant (Lair:2)
  12 elephants
  2 centaur zombies
  Psyche (D:9)
  A gargoyle (D:10)
  3 molten gargoyles (Lair:6)
  15 spiny frogs
  10 black mambas
  A torpor snail (Lair:4)
  An ice statue (IceCv)
  A centaur skeleton (D:10)
  11 rime drakes
  14 komodo dragons
  2 trolls (Orc:2)
  19 polar bears
  Prince Ribbit (D:8)
  A tyrant leech (Lair:2)
  24 blink frogs
  7 hippogriffs
  A vampire (D:11)
  9 basilisks
  57 yaks
  2 wyverns
  The ghost of rabbit the Bolt Thrower, an amateur MiHu of Okawaru (D:3)
  Grum (D:8)
  A steam dragon (Lair:6)
  4 hogs (D:7)
  6 humans
  2 hungry ghosts
  2 wargs (Orc:1)
  A naga (Lair:2)
  A swamp worm (Lair:2)
  3 hell hounds (Lair:6)
  10 water moccasins
  10 porcupines
  17 orc warriors
  3 black bears
  3 sky beasts
  An ice beast (D:6)
  A phantom (D:5)
  28 wolves
  12 ogres
  2 centaurs
  14 crocodiles
  A big kobold (D:9)
  15 bullfrogs
  5 scorpions
  A howler monkey (D:5)
  4 crimson imps
  2 bullfrog zombies
  A quasit (D:9)
  5 lava snakes (Lair:6)
  3 jellies
  3 hounds
  10 orc priests
  A bullfrog skeleton (D:4)
  Jessica (D:9)
  8 worker ants
  3 iguanas
  17 orc wizards
  A hound skeleton (D:6)
  Robin (D:3)
  6 gnolls
  13 adders
  2 shadow imps
  12 white imps (Lair:3)
  5 worms
  3 dart slugs
  4 leopard geckos
  36 orcs
  3 ball pythons (D:3)
  4 giant cockroaches
  12 goblins
  14 hobgoblins
  13 jackals
  9 kobolds
  7 quokkas
  10 bats
  2 frilled lizards
  A leopard gecko skeleton (D:4)
  A leopard gecko zombie (D:8)
  A quokka zombie (D:7)
  7 rats
  A fungus (Lair:2)
  5 plants
596 creatures vanquished.

Vanquished Creatures (collateral kills)
  An orc (Orc:2)
1 creature vanquished.

Vanquished Creatures (others)
  A polar bear (IceCv)
  A yak (IceCv)
  3 fungi
  2 plants (Lair:2)
7 creatures vanquished.

Grand Total: 604 creatures vanquished

Notes
Turn   | Place    | Note
-------+----------+-------------------------------------------
     0 | D:1      | Kloppie the Minotaur Fighter began the quest for the Orb.
     0 | D:1      | Reached XP level 1. HP: 19/19 MP: 0/0
   222 | D:1      | Reached skill level 3 in Axes
   222 | D:1      | Reached XP level 2. HP: 27/27 MP: 1/1
   749 | D:2      | Reached XP level 3. HP: 33/34 MP: 2/2
   853 | D:2      | Reached skill level 4 in Axes
   895 | D:2      | Reached XP level 4. HP: 34/41 MP: 3/3
   950 | D:2      | Reached skill level 5 in Fighting
  1559 | D:3      | Reached XP level 5. HP: 22/48 MP: 4/4
  1644 | D:3      | Reached skill level 5 in Axes
  1750 | D:3      | Noticed Robin
  1765 | D:3      | Killed Robin
  2078 | D:3      | Reached XP level 6. HP: 53/58 MP: 5/5
  2192 | D:3      | Noticed rabbit's ghost (amateur MiHu)
  2205 | D:3      | Killed rabbit's ghost
  2205 | D:3      | Reached skill level 6 in Axes
  2502 | D:4      | Reached XP level 7. HP: 49/66 MP: 6/6
  2508 | D:4      | Identified the Compendium of Conjuration
  2903 | D:4      | Reached skill level 7 in Axes
  3074 | D:5      | Entered Level 5 of the Dungeon
  3165 | D:5      | Found a transporter.
  3173 | D:5      | Found a transporter.
  3188 | D:5      | Noticed a kobold demonologist
  3423 | D:5      | Reached skill level 8 in Axes
  3487 | D:5      | Found a snail-covered altar of Cheibriados.
  3553 | D:5      | Reached skill level 5 in Shields
  3553 | D:5      | Reached XP level 8. HP: 73/74 MP: 7/7
  4063 | D:6      | Reached skill level 9 in Axes
  4673 | D:7      | Found a staircase to the Ecumenical Temple.
  4681 | Temple   | Entered the Ecumenical Temple
  4837 | D:7      | Reached skill level 10 in Axes
  4915 | D:7      | Found a blossoming altar of Fedhas.
  5051 | D:7      | Found a radiant altar of Vehumet.
  5101 | D:7      | Reached XP level 9. HP: 80/81 MP: 8/8
  5134 | Temple   | Became a worshipper of Makhleb the Destroyer
  5258 | D:7      | Found Ura Giuv's Elemental Accessories.
  5562 | D:7      | Reached skill level 11 in Axes
  5744 | D:7      | Found an ornate altar of the Wu Jian Council.
  5746 | D:7      | Found a shimmering altar of Xom.
  5823 | D:8      | Noticed Erica
  5838 | D:8      | Killed Erica
  5838 | D:8      | Reached skill level 10 in Shields
  5960 | D:8      | Reached skill level 12 in Axes
  6014 | D:8      | Reached XP level 10. HP: 88/88 MP: 9/9
  6109 | D:8      | Noticed Prince Ribbit
  6114 | D:8      | Killed Prince Ribbit
  6133 | D:8      | Noticed Grum
  6151 | D:8      | Killed Grum
  6152 | D:8      | Noticed Gastronok
  6178 | D:8      | Killed Gastronok
  6178 | D:8      | Reached skill level 13 in Axes
  6781 | D:9      | Noticed Jessica
  6782 | D:9      | Noticed Psyche
  6796 | D:9      | Reached * piety under Makhleb
  6808 | D:9      | Killed Jessica
  6861 | D:9      | Found Erghon's Magic Scroll Shop.
  6871 | D:9      | Reached XP level 11. HP: 94/94 MP: 10/10
  6912 | D:9      | Bought a scroll of noise for 17 gold pieces
  6912 | D:9      | Bought a scroll of teleportation for 51 gold pieces
  6912 | D:9      | Bought a scroll of enchant weapon for 127 gold pieces
  6912 | D:9      | Bought a scroll of remove curse for 51 gold pieces
  6912 | D:9      | Bought a scroll of enchant armour for 127 gold pieces
  6953 | D:9      | Killed Psyche
  6953 | D:9      | Reached skill level 14 in Axes
  7003 | D:9      | Reached ** piety under Makhleb
  7046 | D:9      | Found a staircase to the Orcish Mines.
  7178 | D:10     | Entered Level 10 of the Dungeon
  7237 | D:10     | Killed an unseen horror
  7252 | D:10     | Noticed a centaur warrior
  7268 | D:10     | Killed a centaur warrior
  8016 | D:10     | Noticed a two-headed ogre
  8046 | D:10     | Killed a two-headed ogre
  8046 | D:10     | Reached skill level 15 in Axes
  8302 | D:11     | Found a snail-covered altar of Cheibriados.
  8562 | D:11     | Found a staircase to the Lair.
  8634 | D:11     | Reached *** piety under Makhleb
  8781 | D:11     | Noticed 8fpsbossfight's ghost (journeyman MiMo)
  8815 | D:11     | Killed 8fpsbossfight's ghost
  9017 | D:11     | Reached XP level 12. HP: 91/101 MP: 11/11
  9121 | Lair:1   | Entered Level 1 of the Lair of Beasts
  9136 | Lair:1   | Noticed a five-headed hydra
  9149 | Lair:1   | Killed a one-headed hydra
  9157 | Lair:1   | Reached skill level 15 in Shields
  9163 | Lair:1   | Reached skill level 16 in Axes
  9428 | Lair:1   | Reached skill level 5 in Armour
  9551 | Lair:1   | Noticed Fannar
  9575 | Lair:1   | Killed Fannar
  9804 | Lair:2   | Noticed a six-headed hydra
  9810 | Lair:2   | Killed a three-headed hydra
 10000 | Lair:2   | Reached **** piety under Makhleb
 10000 | Lair:2   | Reached skill level 10 in Fighting
 10028 | Lair:2   | Found a staircase to the Snake Pit.
 10353 | Lair:2   | Found a staircase to the Swamp.
 10754 | Lair:3   | Found a frozen archway.
 10793 | IceCv    | Entered an ice cave
 10840 | IceCv    | Reached XP level 13. HP: 82/116 MP: 12/12
 11069 | IceCv    | Reached ***** piety under Makhleb
 11121 | IceCv    | Reached skill level 10 in Armour
 11283 | IceCv    | Noticed a frost giant
 11514 | IceCv    | Killed a frost giant
 12270 | Lair:4   | Reached skill level 15 in Fighting
 12291 | Lair:4   | Reached skill level 1 in Long Blades
 12814 | Lair:4   | Reached skill level 5 in Long Blades
 13249 | Lair:5   | Reached XP level 14. HP: 133/135 MP: 13/13
 13695 | Lair:5   | Found a runed door.
 13913 | Lair:5   | Found a viscous altar of Jiyva.
 13914 | Lair:5   | Found a staircase to the Slime Pits.
 13976 | Lair:6   | Entered Level 6 of the Lair of Beasts
 13976 | Lair:6   | Found a burning altar of Makhleb.
 14102 | Lair:6   | Reached ****** piety under Makhleb
 14172 | Lair:6   | Reached skill level 10 in Long Blades
 15118 | Lair:6   | Found a large runed door.
 15119 | Lair:6   | Found a large runed door.
 15759 | Orc:1    | Entered Level 1 of the Orcish Mines
 15833 | Orc:1    | Noticed Harold
 15872 | Orc:1    | Killed Harold
 16336 | Orc:2    | Entered Level 2 of the Orcish Mines
 16446 | Orc:2    | Noticed an orc warlord
 16623 | Orc:1    | Killed an orc warlord
 16775 | Orc:2    | Reached XP level 15. HP: 132/141 MP: 15/15
 16907 | Orc:2    | Found a roughly hewn altar of Beogh.
 16914 | Orc:2    | Noticed Nergalle
 16930 | Orc:2    | HP: 5/141 [orc warrior/war axe (5)]
 16930 | Orc:2    | Slain by an orc knight

Skill      XL: |  1  2  3  4  5  6  7  8  9 10 11 12 13 14 15 |
---------------+----------------------------------------------+-----
Fighting       | 4 5 6 7 8 11 15 | 15.0
Axes           | 3 4 5 6 8 10 12 13 15 16 | 16.0
Shields        | 5 7 10 12 14 15 | 15.0
Armour         | 9 10 | 10.0
Long Blades    | 6 14 | 14.0
Invocations    | 2 3 |  3.1

Action                   |  1- 3 |  4- 6 |  7- 9 | 10-12 | 13-15 || total
-------------------------+-------+-------+-------+-------+-------++-------
Melee: War axe           |    66 |   162 |   282 |   750 |   905 ||  2165
       Headbutt          |     5 |    18 |    49 |   147 |   272 ||   491
       Scimitar          |       |       |       |    11 |   217 ||   228
Throw: Throwing net      |       |       |       |       |     1 ||     1
Invok: Lesser Servant of |       |       |       |       |     3 ||     3
  Use: Potion            |       |     1 |       |     1 |     5 ||     7
       Scroll            |       |       |     7 |    11 |     4 ||    22
  Eat: Chunk             |       |     6 |    11 |    20 |    17 ||    54
       Ration            |       |       |       |       |     1 ||     1
Armor: Scale mail        |    30 |    85 |   112 |   142 |       ||   369
       Chain mail        |       |       |       |    89 |   435 ||   524
Dodge: Dodged            |    22 |    47 |    85 |   133 |   240 ||   527
Block: Shield            |    39 |    98 |   135 |   390 |   668 ||  1330
       Rpst.: Scimitar   |       |       |       |       |    11 ||    11
